AoeStats
← Garoh

Golden Pit

508707568Analyzed
1v1 RM · 9d ago on Sep 23, 2026· 29m 44s· 2 players
Game mode
Random Map
Map size
Tiny (2 player)
Population
200
Speed
Normal
Resources
Standard
Victory
Conquest
Starting age
Dark Age
Ending age
Imperial Age
RankedLock teamsTeams togetherTeam positionsShared explorationLock speedFull tech treeHidden civsTurbo modeCheats
Victory
Defeat
🇺🇸 Danes · United States
1174
+18
🇩🇪 Aztecs · Germany
1218
-18
FozzyLumbits
10:39 Feudal Age
10:30 Loom
12:31 Double-Bit Axe
14:26 Horse Collar
16:51 Town Watch
19:20 Castle Age
17:22 Gold Mining
18:45 Stone Mining
19:55 Fletching
20:06 Padded Archer Armor
21:24 Bow Saw
21:42 Thumb Ring
24:54 Husbandry
25:35 Bodkin Arrow
27:56 Leather Archer Armor
29:40 Gold Shaft Mining
Garoh
7:43 Loom
11:01 Feudal Age
12:40 Double-Bit Axe
15:26 Horse Collar
18:01 Castle Age
16:07 Gold Mining
16:34 Scale Mail Armor
16:48 Stone Mining
21:03 Sanctity
25:55 Wheelbarrow
25:06 Town Watch
26:25 Treadmill Crane
27:45 Bow Saw
27:38 Heavy Plow
28:14 Fervor
Connection lost

Rejoining the realm…

Still unreachable

The connection could not be restored.

Session expired

The server has moved on; the page needs a fresh start.